AoeStats
← 聖君阿耀

Arena

510494095Analyzed
4v4 RM · 24h ago on Oct 1, 2026· 55m 30s· 8 players
Game mode
Random Map
Map size
Large (8 player)
Population
200
Speed
Normal
Resources
Standard
Victory
Conquest
Starting age
Dark Age
Ending age
Imperial Age
RankedLock teamsTeams togetherTeam positionsShared explorationLock speedFull tech treeHidden civsTurbo modeCheats
Victory
Defeat
🇨🇳 Varangians · China
889
+11
🇭🇰 Mongols · Hong Kong SAR China
879
+12
🇮🇳 Malay · India
826
+14
🇮🇳 Cumans · India
813
+14
🇸🇰 Spanish · Slovakia
862
-15
🇮🇩 Malay · Indonesia
812
-14
🇮🇩 Danes · Indonesia
804
-14
🇮🇩 Japanese · Indonesia
635
-8
FluxyAshYT
0:26 Loom
12:02 Feudal Age
16:24 Castle Age
17:02 Double-Bit Axe
20:43 Horse Collar
24:44 Bow Saw
24:47 Forging
25:12 Gold Mining
25:12 Stone Mining
30:44 Imperial Age
28:52 Wheelbarrow
29:42 Gold Shaft Mining
28:52 Treadmill Crane
31:09 Chemistry
30:28 Fletching
30:38 Padded Archer Armor
31:27 Conscription
33:02 Scale Barding Armor
33:22 Bodkin Arrow
33:43 Leather Archer Armor
35:56 Elite Battle Elephant
38:42 Bracer
39:10 Elite Karambit Warrior
41:12 Pikeman
41:53 Squires
41:59 Halberdier
聖君阿耀
0:29 Loom
12:36 Feudal Age
14:50 Wheelbarrow
17:34 Castle Age
15:57 Double-Bit Axe
16:06 Horse Collar
16:47 Fletching
19:22 Bloodlines
25:17 Gold Mining
28:41 Bow Saw
29:21 Hand Cart
29:28 Town Watch
30:28 Gold Shaft Mining
30:35 Heavy Plow
35:09 Imperial Age
32:42 Husbandry
32:49 Nomads
33:20 Bodkin Arrow
33:25 Padded Archer Armor
34:28 Caravan
34:35 Stone Mining
34:55 Town Patrol
35:57 Coinage
35:51 Bracer
36:06 Leather Archer Armor
36:14 Elite Mangudai
37:15 Conscription
36:54 Murder Holes
37:29 Ballistics
37:36 Parthian Tactics
39:56 Chemistry
39:04 Thumb Ring
39:26 Drill
39:42 Hoardings
40:09 Fortified Wall
40:12 Forging
40:08 Scale Barding Armor
39:26 Light Cavalry
39:35 Elite Steppe Lancer
41:42 Stone Shaft Mining
41:57 Banking
42:21 Iron Casting
49:38 Blast Furnace
48:59 Chain Barding Armor
48:02 Hussar
49:01 Masonry
49:00 Siege Engineers
48:46 Guard Tower
49:08 Scale Mail Armor
48:50 Sappers
52:00 Spies/Treason
53:51 Cavalier
威力古德
10:20 Feudal Age
14:51 Castle Age
12:47 Double-Bit Axe
16:59 Horse Collar
23:32 Bow Saw
24:57 Wheelbarrow
25:51 Heavy Plow
26:16 Hand Cart
26:54 Forging
26:49 Scale Barding Armor
26:54 Forging
26:50 Scale Barding Armor
27:56 Gold Mining
27:56 Stone Mining
27:56 Gold Mining
27:56 Stone Mining
28:37 Careening
31:08 Imperial Age
28:25 Loom
28:35 Treadmill Crane
29:02 Town Watch
30:26 Iron Casting
30:11 Chain Barding Armor
30:26 Iron Casting
32:01 Chain Barding Armor
31:43 Husbandry
31:53 Bloodlines
31:43 Husbandry
31:53 Bloodlines
31:43 Husbandry
31:53 Bloodlines
32:13 Conscription
32:01 Stone Mining
32:29 Guilds
33:41 Two-Man Saw
33:53 Blast Furnace
33:28 Plate Barding Armor
33:47 Crop Rotation
32:43 Gothikon
32:49 Gothikon
32:55 Vendel Legacy
34:59 Plate Barding Armor
34:15 Fletching
34:25 Padded Archer Armor
34:15 Fletching
34:25 Padded Archer Armor
34:26 Scale Mail Armor
35:03 Siege Engineers
34:32 Elite Jarl
37:41 Leather Archer Armor
37:21 Bodkin Arrow
37:42 Leather Archer Armor
37:41 Masonry
37:53 Ballistics
38:34 Chemistry
37:29 Murder Holes
37:45 Fortified Wall
40:52 Architecture
40:06 Gothikon
40:13 Gothikon
42:12 Bracer
42:42 Ring Archer Armor
42:28 Chain Mail Armor
43:03 Stone Shaft Mining
51:01 Plate Mail Armor
51:04 Coinage
50:35 Caravan
54:15 Spies/Treason
RiSHisOm
2:04 Loom
11:18 Feudal Age
12:44 Wheelbarrow
11:58 Double-Bit Axe
14:33 Horse Collar
20:35 Castle Age
18:56 Gold Mining
22:06 Bow Saw
22:52 Heavy Plow
26:38 Hand Cart
27:21 Scale Barding Armor
29:13 Chain Barding Armor
30:17 Gold Shaft Mining
34:38 Imperial Age
33:31 Fervor
36:15 Plate Barding Armor
35:41 Padded Archer Armor
35:04 Elite Steppe Lancer
36:56 Coinage
36:36 Guilds
37:17 Crop Rotation
37:49 Two-Man Saw
37:22 Fletching
39:08 Leather Archer Armor
38:48 Bodkin Arrow
43:49 Banking
43:46 Herbal Medicine
54:34 Spies/Treason
+62 | Farhan
12:07 Feudal Age
11:56 Double-Bit Axe
11:55 Horse Collar
18:45 Castle Age
17:20 Stone Mining
17:23 Gold Mining
18:44 Wheelbarrow
mirro99
12:05 Feudal Age
17:30 Castle Age
15:13 Horse Collar
15:45 Double-Bit Axe
23:05 Loom
23:55 Wheelbarrow
23:26 Heavy Plow
23:54 Town Watch
25:57 Bow Saw
26:10 Hand Cart
25:56 Town Patrol
27:40 Gold Mining
28:33 Fortified Wall
30:35 Stone Mining
34:12 Imperial Age
32:02 Husbandry
32:13 Bloodlines
32:15 Murder Holes
33:44 Stone Shaft Mining
33:16 Scale Barding Armor
33:22 Forging
35:08 Ballistics
35:18 Chain Barding Armor
35:33 Iron Casting
35:16 Cavalier
36:18 Conscription
37:23 Two-Man Saw
37:31 Plate Barding Armor
37:26 Paladin
39:11 Blast Furnace
38:49 Scale Mail Armor
39:38 Conscription
42:07 Chemistry
41:18 Masonry
40:50 Pikeman
41:15 Gambesons
42:23 Squires
41:45 Halberdier
42:44 Chain Mail Armor
45:36 Plate Mail Armor
Lagi Gabut
0:30 Loom
10:46 Feudal Age
20:09 Castle Age
26:19 Double-Bit Axe
26:17 Horse Collar
27:48 Bow Saw
27:40 Heavy Plow
28:50 Gold Mining
28:50 Stone Mining
34:01 Imperial Age
33:07 Gold Shaft Mining
33:08 Stone Shaft Mining
33:39 Elite Skirmisher
34:29 Padded Archer Armor
34:19 Fletching
35:33 Wheelbarrow
35:33 Leather Archer Armor
35:33 Pikeman
36:13 Squires
36:22 Halberdier
37:30 Hand Cart
37:02 Town Watch
37:43 Ballistics
37:26 Scale Mail Armor
39:19 Chain Mail Armor
39:14 Forging
42:00 Hamask
42:03 Northmen's Fury
50:39 Ring Archer Armor
50:05 Bodkin Arrow
50:41 Plate Mail Armor
50:46 Iron Casting
52:41 Hoardings
Lord Indranov
3:15 Loom
10:42 Feudal Age
12:01 Double-Bit Axe
21:32 Castle Age
21:17 Arson
21:40 Horse Collar
22:25 Squires
22:25 Pikeman
27:27 Caravan
30:08 Bow Saw
33:27 Imperial Age
32:51 Yasama
35:31 Wheelbarrow
35:43 Elite Samurai
Connection lost

Rejoining the realm…

Still unreachable

The connection could not be restored.

Session expired

The server has moved on; the page needs a fresh start.